 Dungeon Crawl Stone Soup version 0.30-a0-830-gfe289a77b0 (webtiles) character file.

Game seed: 7687572048855802625

16 bande the Covered (level 2, -3/19 HPs)
             Began as a Gargoyle Fighter on Feb 28, 2023.
             Slain by Sigmund
             ... wielding a +0 scythe
              (6 damage)
             ... on level 2 of the Dungeon.
             The game lasted 00:00:51 (543 turns).

bande the Covered (Gargoyle Fighter)                 Turns: 543, Time: 00:00:51

Health: -3/19      AC:  9    Str: 19    XL:     2   Next: 58%
Magic:  2/2        EV:  9    Int:  8    God:
Gold:   76         SH:  4    Dex:  9    Spells: 1/1 levels left

rFire   . . .      SeeInvis .    a - +0 war axe
rCold   . . .      Faith    .    c - +0 buckler
rNeg    + . .      Spirit   .    b - +0 scale mail
rPois   ∞          Reflect  .    (no helmet)
rElec   +          Harm     .    (no cloak)
rCorr   .          Rampage  .    (no gloves)
Will    .....                    (no boots) Stlth
                                 (no amulet)
HPRegen 0.23/turn                (no ring)
MPRegen 0.08/turn                (no ring)

@: mighty
A: sickness immunity, AC +2, negative energy resistance 1, electricity
resistance, torment resistance 1, petrification resistance
a: no special abilities


You were on level 2 of the Dungeon.
You visited 1 branch of the dungeon, and saw 2 of its levels.

You collected 76 gold pieces.

Inventory:

Hand Weapons
 a - a +0 war axe (weapon)
Armour
 b - a +0 scale mail (worn)
 c - a +0 buckler (worn)
Scrolls
 e - a scroll of brand weapon {unknown}
 f - a scroll of enchant weapon {unknown}
Potions
 g - a potion of curing {unknown}


   Skills:
 + Level 3.4 Fighting
 + Level 2.0 Axes
 + Level 3.8 Armour
 + Level 3.4 Shields


You had one spell level left.
You didn't know any spells.
Your spell library contained the following spells:

 Spells                   Type           Power      Damage    Failure   Level
 Dispel Undead            Necr           0%         3d6       100%        4
 Death Channel            Necr           0%         N/A       100%        6
 Cigotuvi's Dreadful Rot  Necr/Pois/Air  Unusable   N/A       N/A         2

Dungeon Overview and Level Annotations

Branches:
Dungeon (2/15)

Altars:

Annotations:
D:2 Sigmund


Innate Abilities, Weirdness & Mutations

You are immune to sickness and miasma.
Your stone body is resilient. (AC +2)
You are immune to poison.
You resist negative energy. (rN+)
You are resistant to electric shocks. (rElec)
You are resistant to unholy torment.
You are immune to petrification.


Message History

A rat is nearby!
You slash the rat!
You kill the rat!
Your Axes skill increases to level 2!
No target in view!
No target in view!
No target in view!
You see here a rat corpse.
Done exploring.
Done exploring.
No target in view!
Done exploring.
You see here a rat corpse.
You see here a bat skeleton.
There is a stone staircase leading down here.
You can't go up here!
You climb downwards.
The goblin shouts!
You hear a shout!
Found eight items.
Found a stone staircase leading down.
There is a stone staircase leading up here.
You closely miss the goblin. The goblin closely misses you.
You hit the goblin but do no damage. The goblin barely misses you.
You closely miss the goblin. You block the goblin's attack.
The goblin barely misses you.
You slash the goblin!
You kill the goblin!
Sigmund the Dreaded comes into view.
He is wielding a +0 scythe and carrying a wand of quicksilver (8).
Sigmund screams, "Die, monster!"
Sigmund hits you but does no damage.
You closely miss Sigmund.
Sigmund says, "Don't worry, I'll kill you fast."
Sigmund zaps a wand.
The bolt of dispelling energy hits you!
Ouch! That really hurt!
* * * LOW HITPOINT WARNING * * *
You are too injured to fight recklessly!
You are too injured to fight recklessly!
Sigmund is nearby!
You feel very mighty all of a sudden. Sigmund hits you with a +0 scythe.
You die...

....## # ......
# #. ...... ..
#.#####..####
...#........#!?[
#.>.......#!(!
#..)....#!!!
#.@<...####
#@###...... #.
..... #. ##.. #.
. #. #. #.


You could see Sigmund.

Vanquished Creatures
  A dart slug (D:1)
  A bat (D:1)
  A goblin (D:2)
  A hobgoblin (D:1)
  2 quokkas (D:1)
  3 ball pythons (D:1)
  2 frilled lizards (D:1)
  2 kobolds (D:1)
  2 rats (D:1)
15 creatures vanquished.

Vanquished Creatures (others)
  A withered plant (D:1)
1 creature vanquished.

Grand Total: 16 creatures vanquished

Notes
Turn   | Place    | Note
-------+----------+-------------------------------------------
     0 | D:1      | bande the Gargoyle Fighter began the quest for the Orb.
     0 | D:1      | Reached XP level 1. HP: 14/14 MP: 1/1
   191 | D:1      | Reached XP level 2. HP: 19/19 MP: 2/2
   284 | D:1      | Found a faded altar of an unknown god.
   540 | D:2      | Noticed Sigmund
   543 | D:2      | Slain by Sigmund

Illustrated notes

Levels and vault maps discovered:
D:1:      dpeg_arrival_tiny_f, layout_loops_ring,
          ebering_ecumenical_altar_petrified, minmay_stone_trees_small
D:2:      layout_loops_cross, due_unseen_surprise, uniq_sigmund

Skill      XL: |  1  2 |
---------------+-------+-----
Axes           | 2 |  2.0
Fighting       | |  3.4
Armour         | |  3.8
Shields        | |  3.4

Action                     || total
---------------------------++-------
  Melee: War axe           ||    47
    Use: Potion            ||     1
 Armour: Scale mail        ||    26
  Dodge: Dodged            ||    20
  Block: Buckler           ||     5

Table legend: (Time is in decaauts)
 A = Elapsed time spent in this place.
 B = Non-inter-level travel time spent in this place.
 C = Inter-level travel time spent in this place.
 D = Time resting spent in this place.
 E = Time spent auto-exploring this place.
 F = Levels seen in this place.
 G = Mean time per level.
                   A        B        C        D        E       F      G
               +--------+--------+--------+--------+--------+-----+--------+
         Total |    563 |    530 |     33 |      0 |    416 |   2 |  281.5 |
       Dungeon |    563 |    530 |     33 |      0 |    416 |   2 |  281.5 |
               +--------+--------+--------+--------+--------+-----+--------+

Top non-repeatable levels by time:
     D:1: 554 daAuts
     D:2: 9 daAuts
